cohdb
Replays
Latest Replays
All Replays
Popular Replays
Top Player Replays
Match Explorer
How It Works
Community
CoH3 Stats
Reddit
Sign in to upload your games and track your stats! →
Sign in with Steam
Match 40866936
Unlisted
Match 40866936
Overview
Messages
Build Orders
End
Construct Weapon Support Center
Engineer Squad
Selects Armored Battlegroup
Selects Veteran Crews
M1919 Machine Gun Team
Bazooka Squad
Mechanized Support Center
Engineer Squad
Construct Motor Pool
M3 75 mm Gun Motor Carriage
Mortar Pit
M3 75 mm Gun Motor Carriage
M3 75 mm Gun Motor Carriage
Mortar Pit
.30 cal Machine Gun
Construct Tank Depot
M1919 Machine Gun Team
M1919 Machine Gun Team
Designate Forward Repair Station
Selects Strength in Steel
Selects Seek and Destroy
Selects UNKNOWN (2160077)
M4A3E8 Sherman Easy Eight
Designate Forward Repair Station
M4A3E8 Sherman Easy Eight
M3 75 mm Gun Motor Carriage
只有框A才能打败框A
Crossea
catchitin
重生之我在COH3里玩CS,因为只有框
Ciallo~(∠・ω< )⌒★
KuruKuru
M4X
조영
0
0
Comments
sign in to comment!
No comments posted yet!